Map: Lost and Found LE

Players

Zanster

  • Race: Zerg Zerg
  • Spawn Location: 7:00

Elazer - Winner!

  • Race: Zerg Zerg
  • Spawn Location: 1:00

Event: WCS Montreal 2018

VOD

Have the link to the VOD?

Description

Time

  • Played on: Sept. 7, 2018, 6:28 p.m.
  • Length: 15:48

All games in this series

Show
View Real Time Build Order
Export as new Build Order

Zanster Zerg 

Build Orders: Hatch First 

Get SALT Encoding   

  12  0:00  Drone  
  13  0:13  Overlord  
  13  0:18  Drone  
  14  0:32  Drone x2  
  16  0:50  Hatchery  
  16  0:51  Drone  
  16  0:54  Drone  
  17  1:09  Spawning Pool  
  17  1:11  Drone  
  17  1:14  Extractor  
  17  1:15  Drone  
  17  1:19  Drone  
  18  1:29  Drone  
  19  1:39  Drone  
  20  1:52  Overlord  
  20  1:56  Queen  
  22  2:02  Drone x2, Queen  
  26  2:11  Drone  
  26  2:13  Drone  
  28  2:18  Metabolic Boost  
  28  2:23  Drone x2  
  30  2:34  Zergling x2  
  30  2:36  Drone  
  32  2:40  Hatchery  
  31  2:44  Drone  
  31  2:45  Drone  
  33  2:54  Overlord  
  33  2:59  Roach Warren  
  33  3:00  Zergling x2  
  33  3:05  Queen  
  35  3:10  Drone  
  36  3:13  Drone x3  
  36  3:16  Drone x2  
  36  3:19  Zergling x2  
  42  3:23  Overlord  
  42  3:29  Evolution Chamber  
  42  3:30  Drone  
  42  3:40  Overlord  
  41  3:44  Drone x3  
  41  3:45  Drone  
  41  3:47  Lair  
  45  3:49  Roach  
  45  3:51  Roach  
  45  3:54  Zerg Missile Weapons Level 1  
  49  3:56  Extractor  
  49  3:58  Roach  
  50  4:04  Roach  
  50  4:06  Overlord  
  50  4:09  Drone  
  56  4:10  Drone x3  
  56  4:16  Drone x4  
  60  4:20  Drone x2  
  60  4:23  Roach  
  63  4:25  Roach  
  63  4:26  Extractor  
  63  4:28  Overlord  
  65  4:31  Roach  
  65  4:35  Overlord, Extractor  
  64  4:42  Roach x2  
  68  4:46  Overlord  
  68  4:47  Zergling x6  
  68  4:52  Roach x2  
  75  4:53  Zergling x2  
  70  5:00  Roach x2  
  70  5:03  Overlord  
  66  5:07  Queen  
  66  5:08  Drone x2  
  66  5:12  Glial Reconstitution  
  71  5:14  Drone x2  
  71  5:16  Drone  
  71  5:18  Drone  
  71  5:20  Drone  
  75  5:21  Drone  
  75  5:22  Drone  
  75  5:24  Drone  
  78  5:33  Roach x3  
  78  5:34  Roach  
  86  5:36  Roach  
  86  5:39  Roach  
  86  5:40  Roach  
  92  5:47  Roach x3  
  98  5:50  Zerg Missile Weapons Level 2  
  98  5:53  Overlord  
  96  5:58  Roach  
  96  5:59  Roach x2  
  102  6:04  Drone x3  
  102  6:08  Overlord x2  
  105  6:15  Overlord  
  105  6:18  Drone x7  
  112  6:19  Drone  
  112  6:22  Extractor  
  112  6:23  Drone  
  112  6:28  Roach  
  112  6:29  Roach  
  112  6:34  Roach x2  
  112  6:37  Roach  
  112  6:38  Roach x2  
  115  6:43  Drone x5  
  120  6:47  Roach  
  120  6:48  Overseer  
  120  6:50  Overlord  
  120  6:52  Roach x2  
  120  6:53  Roach  
  128  6:56  Roach  
  128  6:59  Overlord  
  130  7:01  Overlord  
  130  7:07  Overlord  
  130  7:12  Roach x2  
  130  7:15  Ravager x3  
  136  7:16  Ravager x2  
  136  7:19  Hatchery  
  136  7:20  Roach  
  136  7:21  Roach x3  
  145  7:30  Roach x4  
  145  7:33  Overlord  
  153  7:40  Roach  
  153  7:41  Roach x6  
  143  7:44  Overlord  
  143  7:49  Roach x3  
  137  7:54  Roach  
  137  7:55  Roach  
  137  7:59  Roach  
  137  8:02  Burrow  
  137  8:03  Tunneling Claws  
  137  8:06  Roach  
  137  8:07  Roach  
  137  8:12  Roach  
  143  8:16  Roach  
  143  8:17  Roach  
  147  8:22  Roach  
  147  8:23  Roach x5  
  147  8:24  Overlord  
  159  8:30  Roach x4  
  159  8:33  Drone  
  159  8:34  Drone x2  
  170  8:39  Roach  
  170  8:41  Roach  
  174  8:42  Roach  
  174  8:43  Roach  
  178  8:50  Overlord  
  174  8:57  Roach x3  
  178  9:04  Roach  
  178  9:05  Roach x6  
  178  9:07  Overlord  
  188  9:15  Roach x7  
  178  9:21  Roach x2  
  146  9:25  Roach  
  146  9:26  Roach  
  146  9:30  Roach  
  146  9:31  Roach  
  130  9:38  Roach x2, Ravager  
  132  9:39  Ravager  
  132  9:40  Queen  
  132  9:42  Extractor  
  132  9:43  Roach  
  132  9:44  Roach  
  139  9:48  Roach x2  
  139  9:52  Roach x2  
  145  10:01  Roach x3  
  145  10:02  Roach  
  145  10:06  Roach x7  
  140  10:15  Roach x4  
  140  10:17  Roach  
  124  10:23  Roach  
  112  10:31  Roach x11  
  112  10:34  Roach x11  
  112  10:35  Roach  
  127  10:37  Queen  
  127  10:41  Roach x3  
  135  10:45  Roach  
  137  10:53  Roach x3  
  137  10:55  Roach  
  145  11:01  Roach x7  
  145  11:02  Roach  
  161  11:05  Roach x17  
  159  11:12  Roach  
  159  11:13  Roach x6  
  169  11:27  Roach  
  169  11:28  Roach x6  
  181  11:37  Roach x4  
  181  11:49  Ravager x2  
  181  11:50  Roach x5  
  181  11:51  Roach x18  
  181  11:56  Roach x2  
  161  12:05  Roach  
  161  12:06  Roach x7  
  161  12:08  Roach x12  
  169  12:13  Roach x3  
  175  12:19  Roach x3  
  181  12:28  Roach  
  181  12:29  Roach x3  
  189  12:31  Ravager x3  
  189  12:33  Ravager  
  193  12:39  Roach x3  
  199  12:49  Extractor  
  199  12:51  Hydralisk Den  
  195  13:02  Roach  
  195  13:03  Roach x41  
  199  13:06  Drone  
  199  13:07  Infestation Pit  
  199  13:12  Zerg Ground Armor Level 1  
  187  13:20  Roach  
  187  13:21  Roach x6  
  197  13:31  Overlord x2  
  197  13:32  Overlord  
  197  13:34  Overlord  
  197  13:42  Overseer  
  197  13:43  Overseer  
  171  13:57  Roach x11  
  171  13:59  Roach  
  171  14:00  Roach x4  
  195  14:10  Roach x2  
  195  14:11  Ravager  
  191  14:25  Roach x42  
  173  14:33  Drone  
  173  14:34  Drone x15  
  186  14:45  Roach x3  
  192  14:51  Roach x2  
  196  14:53  Roach  
  196  14:55  Ravager  
  196  14:56  Ravager  
  181  15:08  Drone  
  181  15:09  Drone x5  
  186  15:14  Drone x6  
  186  15:21  Overseer  
  182  15:25  Drone x6  
  187  15:31  Unknown  
  187  15:32  Unknown x3  
Show
View Real Time Build Order
Export as new Build Order

Elazer Zerg - Winner!

Build Orders: Hatch First 

Get SALT Encoding   

  12  0:00  Drone  
  13  0:12  Overlord  
  13  0:16  Drone  
  14  0:30  Drone x2  
  16  0:46  Hatchery  
  15  0:50  Drone  
  15  0:54  Drone  
  17  0:57  Drone  
  18  1:08  Extractor  
  17  1:12  Spawning Pool  
  17  1:15  Drone  
  17  1:18  Drone  
  18  1:27  Drone  
  19  1:40  Drone  
  20  1:50  Drone  
  21  1:59  Overlord  
  21  2:00  Queen x2  
  25  2:02  Drone  
  25  2:07  Metabolic Boost  
  26  2:10  Zergling x2  
  26  2:11  Drone  
  28  2:21  Drone x2  
  30  2:30  Drone  
  30  2:31  Drone  
  32  2:37  Hatchery  
  31  2:45  Overlord, Baneling Nest  
  31  2:49  Drone  
  31  2:54  Drone x2  
  33  3:04  Drone  
  34  3:08  Zergling x4  
  34  3:11  Drone x2  
  34  3:12  Drone, Queen  
  39  3:17  Overlord  
  41  3:20  Drone  
  41  3:21  Drone  
  43  3:28  Drone  
  43  3:29  Baneling  
  43  3:33  Overlord  
  44  3:39  Drone x3  
  44  3:40  Drone x2  
  48  3:44  Overlord  
  48  3:47  Drone x2  
  50  3:55  Zergling x4  
  52  4:01  Zergling x2  
  52  4:02  Zergling x4, Evolution Chamber  
  54  4:10  Baneling  
  54  4:11  Baneling, Zergling x6  
  54  4:14  Zergling x2  
  54  4:15  Zergling x4  
  60  4:21  Overlord  
  60  4:27  Drone x2  
  60  4:28  Drone  
  60  4:29  Zerg Missile Weapons Level 1, Lair  
  62  4:32  Extractor  
  62  4:33  Extractor  
  62  4:36  Drone x5, Roach Warren  
  64  4:42  Overlord  
  64  4:44  Drone  
  65  4:49  Drone  
  65  4:55  Drone  
  65  4:59  Drone x2  
  65  5:00  Drone x4  
  65  5:01  Drone x3  
  66  5:08  Overlord, Extractor  
  66  5:13  Overlord  
  66  5:14  Zergling x6  
  66  5:19  Roach  
  66  5:20  Extractor  
  69  5:22  Roach  
  69  5:25  Roach  
  73  5:29  Roach  
  73  5:34  Glial Reconstitution  
  75  5:36  Roach x4  
  75  5:39  Overlord  
  83  5:43  Overlord, Drone x2  
  83  5:44  Drone  
  83  5:45  Drone  
  83  5:46  Drone  
  90  5:50  Roach  
  90  5:53  Hatchery  
  90  5:54  Overlord  
  91  5:57  Roach  
  91  6:01  Roach  
  93  6:07  Roach  
  93  6:08  Roach x7  
  109  6:14  Roach  
  109  6:15  Roach x3  
  117  6:22  Roach  
  117  6:25  Overlord  
  119  6:28  Roach  
  119  6:31  Roach  
  120  6:36  Roach  
  114  6:40  Roach  
  114  6:41  Roach x7  
  114  6:46  Overlord  
  130  6:47  Roach x2  
  130  6:50  Overlord  
  130  6:51  Zerg Missile Weapons Level 2  
  134  6:55  Ravager  
  134  6:56  Overlord x2, Ravager  
  136  7:05  Roach  
  136  7:06  Roach x5  
  148  7:14  Roach x5  
  158  7:21  Roach x3  
  164  7:24  Overlord x2  
  164  7:28  Roach x3  
  168  7:42  Roach x2  
  144  7:45  Roach  
  144  7:48  Roach x9  
  144  7:51  Roach x2  
  150  7:54  Roach  
  150  7:55  Roach  
  144  7:58  Roach  
  144  8:01  Roach x2  
  146  8:05  Roach  
  146  8:06  Roach x2  
  146  8:08  Roach  
  152  8:13  Extractor  
  152  8:18  Drone x6  
  157  8:21  Pneumatized Carapace  
  157  8:24  Overlord  
  157  8:26  Roach x2  
  161  8:35  Roach x5  
  161  8:37  Ravager  
  161  8:40  Overlord  
  172  8:43  Roach x5  
  182  8:48  Overlord  
  180  8:58  Roach x2  
  180  9:01  Ravager  
  180  9:02  Ravager  
  182  9:08  Roach x7  
  190  9:16  Roach x5  
  190  9:17  Roach  
  172  9:20  Roach x2  
  156  9:28  Roach x5  
  158  9:32  Roach  
  158  9:33  Roach x2  
  158  9:35  Extractor  
  163  9:40  Drone x3  
  163  9:41  Drone x3  
  163  9:44  Ravager x2  
  171  9:48  Drone  
  172  9:54  Ravager x2  
  172  9:55  Ravager  
  172  9:59  Roach x2  
  179  10:00  Hatchery  
  179  10:05  Roach x4  
  178  10:13  Roach  
  178  10:14  Roach x5  
  172  10:19  Roach  
  172  10:20  Roach x3  
  160  10:24  Roach x4  
  160  10:27  Roach x3  
  162  10:34  Roach  
  162  10:35  Roach x3  
  164  10:42  Zerg Ground Armor Level 1  
  164  10:44  Spine Crawler, Drone x3  
  164  10:46  Roach  
  164  10:47  Roach x2  
  172  10:54  Overseer  
  172  10:56  Roach x2  
  176  10:58  Overseer  
  176  11:08  Roach  
  176  11:09  Roach x8  
  192  11:23  Roach  
  192  11:24  Roach x3  
  192  11:35  Roach x6  
  200  11:40  Spine Crawler  
  200  11:41  Spine Crawler  
  200  11:43  Spine Crawler  
  200  11:45  Infestation Pit  
  192  11:50  Roach x5  
  190  11:57  Roach  
  190  11:58  Roach x9  
  173  12:03  Roach x3  
  173  12:06  Roach x2  
  177  12:10  Tunneling Claws  
  177  12:11  Burrow  
  176  12:17  Roach  
  176  12:18  Roach x4  
  176  12:22  Roach x3  
  192  12:25  Ravager  
  192  12:27  Hive  
  193  12:30  Spine Crawler  
  193  12:34  Overseer  
  193  12:36  Overseer  
  192  12:38  Overseer  
  192  12:45  Spine Crawler  
  191  12:53  Roach x3  
  194  13:05  Ravager  
  191  13:07  Roach x4, Ravager  
  200  13:18  Roach x4  
  198  13:23  Roach  
  198  13:24  Roach x4  
  198  13:26  Roach x2  
  198  13:27  Roach x3  
  198  13:28  Roach x2  
  198  13:37  Roach x5  
  198  13:42  Roach  
  200  13:54  Roach x2  
  194  13:59  Roach x2  
  194  14:00  Roach  
  196  14:03  Spine Crawler  
  196  14:04  Spine Crawler  
  196  14:07  Roach  
  196  14:09  Roach x9  
  200  14:10  Roach  
  186  14:28  Roach x18  
  190  14:33  Roach x5  
  190  14:36  Roach x3  
  190  14:37  Roach x2  
  200  14:41  Roach  
  200  14:42  Roach  
  200  14:43  Roach x9  
  200  14:45  Hydralisk Den  
  199  14:47  Spine Crawler  
  199  14:51  Ravager  
  199  14:52  Ravager  
  200  14:57  Roach  
  200  14:58  Roach x2  
  194  15:18  Roach x6  
  194  15:19  Roach x2  
  191  15:47  Hatchery  
Tags
 
Add a new tag
Caveats
  • Supply blocks, unpowered buildings, or Contaminate may cause inaccurate times.
  • Supply counts are checked every 10 seconds.